 Dungeon Crawl Stone Soup version 0.30-a0-29-g142975f185 (webtiles) character file.

Game seed: 13594210565615516463

1295 Newt the Shooter (level 8, -15/60 HPs)
             Began as a Demonspawn Gladiator on Aug 26, 2022.
             Was an Initiate of Gozag.
             Engulfed by a cloud of freezing vapour (20 damage)
             ... on level 5 of the Dungeon.
             The game lasted 00:10:23 (7256 turns).

Newt the Shooter (Demonspawn Gladiator)             Turns: 7256, Time: 00:10:24

Health: -15/60     AC:  8    Str: 19    XL:     8   Next: 30%
Magic:  8/8        EV: 14    Int:  8    God:    Gozag
Gold:   301        SH:  8    Dex: 16    Spells: 7/7 levels left

rFire   + . .      SeeInvis .    b - +1 sling (vorpal)
rCold   . . .      Faith    .    (no shield)
rNeg    . . .      Spirit   .    m - +0 leather armour
rPois   .          Reflect  .    c - +0 helmet
rElec   .          Harm     .    p - +0 cloak
rCorr   .          Rampage  .    (no gloves)
Will    .....                    x - +0 pair of boots
Stlth   ++........               (no amulet)
HPRegen 0.20/turn                (no ring)
MPRegen 0.11/turn                (no ring)

@: studying Necromancy
A: hooves 1, demonic guardian 2, sharp scales 2, condensation shield, large bone
plates 1, fire resistance 1, strong 1
a: Renounce Religion, Potion Petition, Call Merchant, Bribe Branch


You were on level 5 of the Dungeon.
You worshipped Gozag.
Gozag was aware of your devotion.
You visited 2 branches of the dungeon, and saw 6 of its levels.

You collected 360 gold pieces.
You paid 59 gold pieces to Gozag.

Inventory:

Hand Weapons
 a - a +0 rapier
 b - a +1 vorpal sling (weapon)
Missiles
 d - 3 throwing nets
 e - a javelin
 n - 4 poisoned darts
 q - 6 silver javelins
 B - 5 boomerangs
Armour
 c - a +0 helmet (worn)
 m - a +0 leather armour (worn)
 p - a +0 cloak (worn)
 x - a +0 pair of boots (worn)
Jewellery
 l - an amulet of faith
 r - a +6 ring of intelligence
Scrolls
 f - a scroll of torment
 g - 3 scrolls of poison
 h - a scroll of brand weapon
 s - a scroll of amnesia
Potions
 i - a potion of curing
 j - 2 potions of haste {unknown}
 k - 2 potions of heal wounds
 o - 4 potions of degeneration
 t - a potion of magic {unknown}
 u - a potion of flight {unknown}
 w - a potion of invisibility {unknown}


   Skills:
 - Level 4.0 Fighting
 - Level 2.6 Short Blades
 + Level 7.1 Ranged Weapons
 - Level 1.7 Throwing
 - Level 5.0 Dodging
 - Level 2.0 Stealth


You had 7 spell levels left.
You didn't know any spells.
Your spell library contained the following spells:

 Spells                   Type           Power      Damage    Failure   Level
 Confusing Touch          Hex            0%         N/A       83%         3
 Yara's Violent Unravell  Hex/Tmut       0%         3d3       100%        5
 Enfeeble                 Hex            0%         N/A       100%        7


Dungeon Overview and Level Annotations

Branches:
Dungeon (5/15)             Temple (1/1) D:4

Altars:
Ashenzari
Cheibriados
Dithmenos
Fedhas
Gozag
Hepliaklqana
Nemelex Xobeh
Okawaru
Qazlal
Sif Muna
Uskayaw
Vehumet
Wu Jian
Xom
Yredelemnul

Annotations:
D:5 3 runed translucent doors, Fractals's ghost, novice TrDe; SensoryNuts's ghost, amateur GrFi; jfcaron's ghost, weakling HODe


Innate Abilities, Weirdness & Mutations

You have large cloven feet.
A demonic guardian rushes to your aid.
You are mostly covered in razor-sharp scales. (AC +2, Slay +2)
A meltable shield of frost defends you. (SH +4)
You are partially covered in large bone plates. (SH +4)
Your flesh is heat resistant. (rF+)
Your muscles are strong. (Str +4, Int/Dex -1)


Message History

You shoot a sling bullet. The sling bullet hits the hound.
The hound is severely wounded.
You shoot a sling bullet. The sling bullet hits the hound!
You kill the hound!
No target in view!
You now have 281 gold pieces (gained 8).
Jfcaron's ghost turns its malevolent gaze towards you.
SensoryNuts's ghost turns its malevolent gaze towards you.
Found a great sword.
There is a stone staircase leading up here.
Found 2 stones.
You now have 301 gold pieces (gained 20).
SensoryNuts's ghost turns its malevolent gaze towards you.
Fractals's ghost turns its malevolent gaze towards you.
Jfcaron's ghost turns its malevolent gaze towards you.
Could not explore, unopened runed door.
Could not explore, unopened runed door.
Could not explore, unopened runed door.
Search for what [Enter for "."]? .
Sorry, I don't know how to get there.
Jfcaron's ghost screams, "Zot is a myth, the ORB is a fable, you'll soon be a tale!"
SensoryNuts's ghost says very slowly, "There's no hope."
You open the door.
There is an open door here.
Really walk into a travel-excluded area?
You are engulfed in freezing vapours.
You are engulfed in freezing vapours.
You start resting.
You are engulfed in freezing vapours.
* * * LOW HITPOINT WARNING * * *
A demonic guardian appears!
Unknown command.
Your hellwing is engulfed in freezing vapours.
You start resting.
Your hellwing is engulfed in freezing vapours.
You start resting.
Your hellwing is engulfed in freezing vapours.
You start resting.
You are engulfed in freezing vapours.
You die...
Your body crumbles into a pile of gold.

#### .... ..... ..... # .......
####### ##
........##########.....# #.
.##################'###.# #.
.#.§☼☼☼☼☼☼4@☼☼☼☼☼☼☼..##.# #. $
.#.####################.###.
#..☼.☼☼☼☼☼☼☼☼☼☼:?(:/#...##.
#########################.....)
#>..# ##..........####........#
#...####......................#
###...##.........###.#.........
### #....####..[.......#.........
..####...####.........#.......###


You could see a friendly hellwing (summoned).

Vanquished Creatures
  Prince Ribbit (D:4)
  An ice beast (D:5)
  A black bear (D:5)
  An ogre (D:5)
  Blork the orc (D:5)
  3 scorpions
  A howler monkey (D:5)
  A hound (D:5)
  4 jellies
  An orc priest (D:4)
  2 iguanas (D:4)
  2 orc wizards
  Terence (D:2)
  7 adders
  2 worms (D:3)
  4 dart slugs (D:4)
  16 orcs
  17 endoplasms
  A giant cockroach (D:1)
  5 goblins
  4 hobgoblins
  7 jackals (D:2)
  3 quokkas
  8 ball pythons
  7 bats
  2 frilled lizards
  9 kobolds
  A rat (D:3)
113 creatures vanquished.

Vanquished Creatures (collateral kills)
  2 orc priests
2 creatures vanquished.

Vanquished Creatures (others)
  9 fungi (D:3)
  7 toadstools (D:3)
16 creatures vanquished.

Grand Total: 131 creatures vanquished

Notes
Turn   | Place    | Note
-------+----------+-------------------------------------------
     0 | D:1      | Newt the Demonspawn Gladiator began the quest for the Orb.
     0 | D:1      | Reached XP level 1. HP: 16/16 MP: 1/1
   235 | D:1      | Reached skill level 1 in Stealth
   440 | D:1      | Gained mutation: A weak demonic guardian rushes to your
                  | aid. [demonic ancestry]
   440 | D:1      | Reached XP level 2. HP: 20/22 MP: 2/2
  1658 | D:2      | Reached skill level 1 in Ranged Weapons
  1658 | D:2      | Gained mutation: You have large cloven feet. [demonic
                  | ancestry]
  1658 | D:2      | Reached XP level 3. HP: 13/27 MP: 3/3
  2051 | D:2      | Reached skill level 2 in Ranged Weapons
  2543 | D:2      | Noticed Terence
  2558 | D:2      | Killed Terence
  2559 | D:2      | Gained mutation: You are partially covered in razor-sharp
                  | scales. (AC +1, Slay +1) [demonic ancestry]
  2559 | D:2      | Reached XP level 4. HP: 16/33 MP: 4/4
  3071 | D:2      | Found a faded altar of an unknown god.
  3255 | D:3      | Reached skill level 3 in Ranged Weapons
  3901 | D:3      | Reached XP level 5. HP: 38/38 MP: 5/5
  4042 | D:3      | Found a shimmering blue altar of Sif Muna.
  4074 | D:3      | Reached skill level 4 in Ranged Weapons
  4956 | D:4      | Gained mutation: You are mostly covered in razor-sharp
                  | scales. (AC +2, Slay +2) [demonic ancestry]
  4956 | D:4      | Reached XP level 6. HP: 48/48 MP: 6/6
  5580 | D:4      | Reached skill level 5 in Ranged Weapons
  5782 | D:4      | Found a staircase to the Ecumenical Temple.
  5891 | Temple   | Entered the Ecumenical Temple
  6053 | Temple   | Became a worshipper of Gozag Ym Sagoz the Greedy
  6097 | D:5      | Entered Level 5 of the Dungeon
  6121 | D:5      | Gained mutation: A demonic guardian rushes to your aid.
                  | [demonic ancestry]
  6121 | D:5      | Reached XP level 7. HP: 54/54 MP: 7/7
  6130 | D:5      | Noticed Prince Ribbit
  6156 | D:4      | Killed Prince Ribbit
  6157 | D:4      | Reached skill level 6 in Ranged Weapons
  6633 | D:5      | Gained mutation: Your spells are a little harder to cast,
                  | but a little more powerful. [potion of mutation]
  6633 | D:5      | Gained mutation: You expend magic power (3 MP) to
                  | strengthen your wands. [potion of mutation]
  6634 | D:5      | Lost mutation: You expend magic power (3 MP) to strengthen
                  | your wands. [potion of mutation]
  6634 | D:5      | Lost mutation: Your spells are a little harder to cast, but
                  | a little more powerful. [potion of mutation]
  6634 | D:5      | Gained mutation: You occasionally lose the ability to read
                  | scrolls when taking damage. [potion of mutation]
  6634 | D:5      | Gained mutation: Your spells are a little harder to cast,
                  | but a little more powerful. [potion of mutation]
  6635 | D:5      | Lost mutation: Your spells are a little harder to cast, but
                  | a little more powerful. [potion of mutation]
  6635 | D:5      | Lost mutation: You occasionally lose the ability to read
                  | scrolls when taking damage. [potion of mutation]
  6635 | D:5      | Gained mutation: You are partially covered in large bone
                  | plates. (SH +4) [potion of mutation]
  6635 | D:5      | Gained mutation: Your muscles are strong. (Str +4, Int/Dex
                  | -1) [potion of mutation]
  6635 | D:5      | Gained mutation: Your flesh is heat resistant. (rF+)
                  | [potion of mutation]
  6650 | D:5      | Reached skill level 5 in Dodging
  6650 | D:5      | Gained mutation: A meltable shield of frost defends you.
                  | (SH +4) [demonic ancestry]
  6650 | D:5      | Reached XP level 8. HP: 60/60 MP: 8/8
  6662 | D:5      | Noticed Blork the orc
  6670 | D:5      | Killed Blork the orc
  6754 | D:5      | Reached skill level 7 in Ranged Weapons
  7023 | D:5      | Found a runed translucent gate.
  7023 | D:5      | Found a runed translucent gate.
  7023 | D:5      | Found a runed translucent gate.
  7023 | D:5      | Noticed jfcaron's ghost (weakling HODe)
  7024 | D:5      | Noticed SensoryNuts's ghost (amateur GrFi)
  7024 | D:5      | Noticed Fractals's ghost (novice TrDe)
  7256 | D:5      | Engulfed by a cloud of freezing vapour

Illustrated notes

Levels and vault maps discovered:
D:1:      minmay_arrival_shattered_statue, layout_loops_ring,
          serial_co_window_serial, co_window_corner_a, co_window_paths_b,
          co_window_paths_a, co_window_corner_a, co_window_of_opportunity_a,
          co_window_corner_a, co_window_paths_a, co_window_corner_cb,
          co_window_of_opportunity_b, co_window_corner_ca,
          co_window_unsneaky_path_e, co_window_paths_c, co_window_4corner_b,
          glass_columns_a, glass_columns_b, glass_columns_a, glass_columns_a,
          glass_columns_c
D:2:      layout_loops_ring, shapermc_ecumenical_altar_pompeii, minivault_14,
          bh_walls_and_bars, uniq_terence
D:3:      cheibrodos_fertilizer, layout_loops_ring, led_sif_book,
          skrybe_limestone_x, dk_vineyard_2
D:4:      layout_loops_ring, temple_hall
D:5:      lemuel_ice_spiral_2, layout_rooms, gammafunk_ghost_cemetery,
          uniq_prince_ribbit1, uniq_blork_the_orc
Temple:   regret_index_temple_sphere_string

Skill      XL: |  1  2  3  4  5  6  7  8 |
---------------+-------------------------+-----
Stealth        | 1 2 |  2.0
Ranged Weapons | 1 2 3 4 5 6 7 |  7.1
Fighting       | 3 4 |  4.0
Dodging        | 5 |  5.0
Short Blades   | |  2.6
Throwing       | |  1.7

Action                   |  1- 3 |  4- 6 |  7- 9 || total
-------------------------+-------+-------+-------++-------
Melee: Rapier            |    99 |     3 |       ||   102
       Punch             |     1 |       |       ||     1
       Kick              |     6 |       |       ||     6
 Fire: Sling             |    32 |   193 |    83 ||   308
Throw: Javelin           |       |     3 |       ||     3
  Use: Scroll            |     1 |     9 |     1 ||    11
       Potion            |       |       |     4 ||     4
 Stab: Sleeping          |     1 |       |       ||     1
Armor: Leather armour    |    27 |    17 |     9 ||    53
Dodge: Dodged            |    98 |    33 |    17 ||   148
Block: Other             |       |       |     1 ||     1

Table legend: (Time is in decaauts)
 A = Elapsed time spent in this place.
 B = Non-inter-level travel time spent in this place.
 C = Inter-level travel time spent in this place.
 D = Time resting spent in this place.
 E = Time spent auto-exploring this place.
 F = Levels seen in this place.
 G = Mean time per level.
                   A        B        C        D        E       F      G
               +--------+--------+--------+--------+--------+-----+--------+
         Total |   7325 |   6993 |    332 |   2267 |   3837 |   6 | 1220.8 |
       Dungeon |   7149 |   6840 |    309 |   2267 |   3699 |   5 | 1429.8 |
        Temple |    175 |    152 |     23 |      0 |    138 |   1 |  175.0 |
               +--------+--------+--------+--------+--------+-----+--------+

Top non-repeatable levels by time:
     D:3: 1643 daAuts
     D:1: 1640 daAuts
     D:2: 1577 daAuts
     D:4: 1555 daAuts
     D:5: 732 daAuts
  Temple: 175 daAuts
